 Dungeon Crawl Stone Soup version 0.31-a0-740-g87205ac768 (console) character file.

Game seed: 13523646294272919788

4 orblet the Vexing (level 1, -2/15 HPs)
             Began as a Barachi Hexslinger on Sept 12, 2023.
             Slain by a goblin
             ... wielding a +1 dagger of venom
              (4 damage)
             ... on level 2 of the Dungeon.
             The game lasted 00:01:13 (92 turns).

orblet the Vexing (Barachi Hexslinger)                Turns: 92, Time: 00:01:16

Health: -2/15      AC:  2    Str:  9    XL:     1   Next: 70%
Magic:  2/2        EV: 12    Int: 13    God:
Gold:   0          SH:  0    Dex: 14    Spells: 2/2 levels left

rFire   . . .        a - +1 sling
rCold   . . .        (no shield)
rNeg    . . .        c - +0 robe
rPois   .            (no helmet)
rElec   .            (no cloak)
rCorr   .            (no gloves)
SInv    .            (no boots)
Will    .....        (no amulet)
Stlth   ++           (no ring)
HPRegen 0.22/turn    (no ring)
MPRegen 0.08/turn

%: no passive effects
@: unable to hop, slow
A: amphibious, slowness 1, strong legs 1, +LOS
a: Hop


You were on level 2 of the Dungeon.
You visited 1 branch of the dungeon, and saw 2 of its levels.

Inventory:

Hand Weapons
 a - a +1 sling (weapon)
Armour
 c - a +0 robe (worn)


   Skills:
 - Level 1.2 Fighting
 + Level 2.2 Ranged Weapons
 - Level 2.1 Dodging
 + Level 0.7 Stealth
 - Level 1.1 Spellcasting
 - Level 3.2 Hexes
 - Level 1.1 Fire Magic


You had 2 spell levels left.
You didn't know any spells.
Your spell library contained the following spells:

 Spells                   Type           Power      Damage    Failure   Level
 Jinxbite                 Hex            18%        N/A       11%         2
 Sigil of Binding         Hex            9%         N/A       22%         3
 Inner Flame              Hex/Fire       6%         N/A       34%         3
 Cause Fear               Hex            4%         N/A       58%         4
 Dimensional Bullseye     Hex/Tloc       2%         N/A       80%         4


Dungeon Overview and Level Annotations

Branches:
Dungeon (2/15)

Altars:

Annotations:
D:2 Robin


Innate Abilities, Weirdness & Mutations

You are amphibious.
You cover ground slowly.
You can hop short distances.
You have an extended range of vision and can be seen from far away.


Message History

The sling bullet hits the rat.
You kill the rat!
The goblin hits you with a +0 dagger.
* * * LOW HITPOINT WARNING * * *
Fire: a) +1 sling
Press: ? - help, Q - select action, (/) - cycle Shift-Dir - straight line, f - goblin
Aim: a goblin, wielding a +0 dagger (strong, 50% to hit)
You shoot a sling bullet. The sling bullet barely misses the rat.
The rat closely misses you. The goblin closely misses you.
Fire: a) +1 sling
Press: ? - help, Q - select action, (/) - cycle Shift-Dir - straight line, f - goblin
Aim: a goblin, wielding a +0 dagger (strong, 50% to hit)
You shoot a sling bullet. The sling bullet hits the goblin.
You kill the goblin!
The rat misses you. The rat bites you.
* * * LOW HITPOINT WARNING * * *
Robin says, "Duck!"
Fire: a) +1 sling
Press: ? - help, Q - select action, (/) - cycle Shift-Dir - straight line, f - rat
Aim: a rat (57% to hit)
You shoot a sling bullet.
The sling bullet closely misses the rat.
The sling bullet closely misses the goblin.
The rat bites you.
* * * LOW HITPOINT WARNING * * *
A goblin comes into view. It is wielding a +0 club.
Fire: a) +1 sling
Press: ? - help, Q - select action, (/) - cycle Shift-Dir - straight line, f - rat
Aim: a rat (57% to hit)
You shoot a sling bullet. The sling bullet hits the rat.
You kill the rat!
The goblin unwields a +0 club.
The goblin wields a +0 sling.
The goblin shoots a sling bullet.
The sling bullet barely misses you.
Fire: a) +1 sling
Press: ? - help, Q - select action, (/) - cycle Shift-Dir - straight line, f - goblin
Aim: a goblin, wielding a +1 dagger of venom (strong, 50% to hit)
You shoot a sling bullet.
The sling bullet closely misses the goblin.
The goblin hits you with a +1 dagger of venom.
You die...

.. . #.
.. .# .#
.# ####§#
#)@g.#
#§##§g○○#
#g .####
#§ g# #g
g# §g ##
.g #§ #.


You could see 2 hobgoblins and 4 goblins.

Vanquished Creatures
  A goblin (D:2)
  A hobgoblin (D:1)
  A ball python (D:1)
  2 rats (D:2)
5 creatures vanquished.

Notes
Turn   | Place    | Note
-------+----------+-------------------------------------------
     0 | D:1      | orblet the Barachi Hexslinger began the quest for the Orb.
     0 | D:1      | Reached XP level 1. HP: 15/15 MP: 2/2
    85 | D:2      | Noticed Robin
    92 | D:2      | Slain by a goblin

Illustrated notes

Levels and vault maps discovered:
D:1:      lightli_arrival_flooded_house, layout_basic,
          dreamdust_ecumenical_altar_angels_and_demons
D:2:      layout_rooms, basic_altar, uniq_robin

Action                     || total
---------------------------++-------
   Fire: Sling             ||    14
Ability: Hop               ||     1
    Use: Scroll            ||     1
 Armour: Robe              ||    12
  Dodge: Dodged            ||    11

Table legend: (Time is in decaauts)
 A = Elapsed time spent in this place.
 B = Non-inter-level travel time spent in this place.
 C = Inter-level travel time spent in this place.
 D = Time resting spent in this place.
 E = Time spent auto-exploring this place.
 F = Levels seen in this place.
 G = Mean time per level.
                   A        B        C        D        E       F      G
               +--------+--------+--------+--------+--------+-----+--------+
         Total |    110 |    110 |      0 |      0 |     64 |   2 |   55.0 |
       Dungeon |    110 |    110 |      0 |      0 |     64 |   2 |   55.0 |
               +--------+--------+--------+--------+--------+-----+--------+

Top non-repeatable levels by time:
     D:1: 100 daAuts
     D:2: 9 daAuts
